 Dungeon Crawl Stone Soup version 0.30.1-9-gdf580d7c3d (webtiles) character file.

Game seed: 18002892038445186870

21 Ancym0n the Cudgeller (level 2, 29/29 HPs)
             Began as a Troll Berserker on Oct 5, 2023.
             Was a Follower of Trog.
             Quit the game on level 1 of the Dungeon.
             The game lasted 00:07:56 (495 turns).

Ancym0n the Cudgeller (Troll Berserker)              Turns: 495, Time: 00:07:56

Health: 29/29      AC:  6    Str: 24    XL:     2   Next: 62%
Magic:  1/1        EV: 10    Int:  3    God:    Trog [*.....]
Gold:   61         SH:  0    Dex:  9    Spells: 1/1 levels left

rFire   . . .        a - +0 mace
rCold   . . .        (no shield)
rNeg    . . .        b - +0 animal skin
rPois   .            (helmet restricted)
rElec   .            l - +1 cloak
rCorr   .            (gloves unavailable)
SInv    .            (boots unavailable)
Will    .....        (no amulet)
Stlth   +            (no ring)
HPRegen 1.04/turn    (no ring)
MPRegen 0.07/turn

%: no passive effects
@: no status effects
A: large, unfitting armour, claws 3, regeneration 1, shaggy fur 1, tough skin 1
a: Renounce Religion, Berserk


You were on level 1 of the Dungeon.
You worshipped Trog.
Trog was aware of your devotion.
You visited 1 branch of the dungeon, and saw 1 of its levels.

You collected 61 gold pieces.

Inventory:

Hand Weapons
 a - a +0 mace (weapon)
 g - a +0 long sword
 i - a +0 dagger
 j - a +0 dagger
 k - a +2 dagger of speed
 n - a +0 club
 p - a +0 trident
 q - a +0 whip
Missiles
 r - 2 stones (quivered)
Armour
 b - a +0 animal skin (worn)
 l - a +1 cloak (worn)
Magical Staves
 c - a staff of cold
Scrolls
 e - 2 scrolls of fear {unknown}
 f - a scroll of identify {unknown}
 h - a scroll of magic mapping {unknown}
 m - a scroll of enchant armour {unknown}
Potions
 d - a potion of invisibility {unknown}
 o - a potion of brilliance {unknown}
 s - a potion of cancellation {unknown}


   Skills:
 + Level 2.8 Fighting
 + Level 3.0 Maces & Flails
 + Level 2.5 Dodging


You had one spell level left.
You didn't know any spells.
Your spell library was empty.

Dungeon Overview and Level Annotations

Branches:
Dungeon (1/15)

Altars:


Innate Abilities, Weirdness & Mutations

You are too large for most types of armour.
You have claws for hands.
Your natural rate of healing is unusually fast.
You are covered in fur. (AC +1)
You have tough skin. (AC +1)


Message History

A kobold is nearby!
A kobold is nearby!
A kobold is nearby!
A kobold is nearby!
You barely miss the kobold. The kobold hits you but does no damage.
You closely miss the kobold. The kobold barely misses you.
You hit the kobold.
The kobold is moderately wounded.
The kobold closely misses you. The kobold hits you with a +0 whip.
You closely miss the kobold. The kobold hits you but does no damage.
You closely miss the kobold. The kobold completely misses you.
You hit the kobold but do no damage. The kobold hits you but does no damage.
You hit the kobold but do no damage. The kobold hits you but does no damage.
The kobold barely misses you.
You closely miss the kobold. The kobold hits you with a +0 whip.
You hit the kobold.
You kill the kobold!
Trog accepts your kill.
Things that are here:
a +0 whip; 2 stones; a kobold corpse
Things that are here:
a +0 whip; 2 stones; a kobold corpse
q - a +0 whip;
r - 2 stones
s - an inky potion
There is a stone staircase leading down here.
Unknown command.
There is a stone staircase leading down here.
There are no items here.
Unknown command.
Okay, then.
Okay, then.
Okay, then.
You don't know any spells.
Press: ? - help, v - describe, . - travel The floor.
Things that are here:
a +0 club; a goblin corpse A bat comes into view.
Unknown command.
Are you sure you want to abandon this character and quit the game? (Confirm with "yes".)

#.#.# #.#.#### #.#.##.##
#.#.#.#.## #....###.# #.#
####..#..## #.# #......#######
#.# ###....).......##### #.#
###......†......@....# #.#
.....................####.#
...........#####.###...##.#####
................b.##.#........#
######.....#####..##......###.#
#####.# #...#..##### #.### #.#
#.#.#..# #.... #.# #...#..#
##..## #.# #.##..# #...##


You could see a bat.

Vanquished Creatures
  A dart slug (D:1)
  2 bats (D:1)
  An endoplasm (D:1)
  2 giant cockroaches (D:1)
  5 goblins (D:1)
  A hobgoblin (D:1)
  2 ball pythons (D:1)
  A kobold (D:1)
15 creatures vanquished.

Notes
Turn   | Place    | Note
-------+----------+-------------------------------------------
     0 | D:1      | Ancym0n the Troll Berserker began the quest for the Orb.
     0 | D:1      | Reached XP level 1. HP: 22/22 MP: 0/0
   240 | D:1      | Reached XP level 2. HP: 29/29 MP: 1/1
   359 | D:1      | Reached skill level 3 in Maces & Flails
   495 | D:1      | Quit the game

Illustrated notes

Levels and vault maps discovered:
D:1:      matt_arrival_refuge, layout_loops_ring,
          wander_ebering_terrifying_dragon_lair

Skill      XL: |  1  2 |
---------------+-------+-----
Maces & Flails | 3 |  3.0
Fighting       | |  2.8
Dodging        | |  2.5

Action                     || total
---------------------------++-------
  Melee: Mace              ||    52
 Armour: Animal skin       ||    22
  Dodge: Dodged            ||    27
